Map: 世界主宰-天梯版

Players

小坚强 (Dragon) - Winner!

  • Race: Terran Terran
  • League: Master

TIME (Oliveira)

  • Race: Terran Terran

Event: DreamHack SC2 Masters 2021 Summer

VOD

Have the link to the VOD?

Description

Time

  • Played on: May 26, 2021, 7:11 a.m.
  • Length: 7:24

All games in this series

Show
View Real Time Build Order
Export as new Build Order

小坚强 Terran - Winner!

Build Orders:  

Get SALT Encoding   

  12  0:00  SCV  
  13  0:12  SCV  
  14  0:17  Supply Depot  
  14  0:24  SCV  
  15  0:38  SCV  
  15  0:42  Barracks  
  16  0:45  Refinery  
  16  0:51  SCV  
  16  0:53  Refinery  
  17  1:03  SCV  
  18  1:16  SCV  
  19  1:29  Reaper, Orbital Command  
  19  1:31  Supply Depot  
  20  1:43  Factory  
  20  1:54  SCV  
  20  2:01  Reaper  
  22  2:06  SCV  
  23  2:18  SCV  
  23  2:20  Command Center  
  24  2:27  Hellion  
  26  2:30  SCV  
  26  2:35  Reaper  
  28  2:39  Supply Depot  
  28  2:42  SCV  
  29  2:50  Hellion  
  31  2:58  Starport  
  31  3:00  SCV  
  32  3:07  Barracks Reactor  
  32  3:11  Factory Tech Lab  
  32  3:13  SCV  
  33  3:25  SCV  
  34  3:30  Cyclone  
  34  3:34  Refinery  
  37  3:40  Orbital Command  
  37  3:41  SCV  
  35  3:42  Medivac  
  35  3:47  Marine  
  35  3:48  Marine  
  39  3:53  SCV  
  40  4:02  Siege Tank  
  43  4:05  SCV, Marine x2  
  43  4:06  SCV  
  47  4:15  Starport Tech Lab, Supply Depot  
  47  4:17  SCV  
  47  4:19  SCV  
  47  4:23  Marine x2  
  51  4:29  SCV  
  52  4:32  SCV  
  52  4:37  Cyclone, Supply Depot  
  56  4:39  Raven  
  56  4:41  SCV, Marine x2  
  56  4:44  SCV  
  62  4:52  Supply Depot  
  62  4:58  SCV x2  
  62  4:59  Marine x2  
  66  5:09  Siege Tank  
  66  5:10  SCV  
  66  5:12  Supply Depot  
  66  5:13  SCV  
  71  5:17  Marine x2  
  73  5:22  SCV, Raven  
  73  5:25  SCV  
  73  5:26  Refinery  
  77  5:32  Supply Depot  
  77  5:34  Marine x2  
  77  5:35  SCV  
  80  5:40  SCV  
  80  5:41  Siege Tank  
  84  5:44  Supply Depot  
  84  5:45  Supply Depot  
  84  5:47  SCV  
  85  5:53  SCV  
  86  5:59  SCV  
  86  6:01  Command Center  
  85  6:15  Siege Tank  
  85  6:16  Marine  
  85  6:17  Viking x2  
  87  6:24  SCV x2  
  68  6:33  Marine  
  64  6:43  SCV  
  63  6:47  Siege Tank  
  63  6:48  Viking  
  63  6:49  Viking  
  69  6:55  SCV  
  62  7:11  SCV  
Show
View Real Time Build Order
Export as new Build Order

TIME Terran 

Build Orders:  

Get SALT Encoding   

  12  0:00  SCV  
  13  0:12  SCV  
  14  0:17  Supply Depot  
  14  0:25  SCV  
  15  0:38  SCV  
  15  0:40  Barracks  
  16  0:44  Refinery  
  16  0:50  SCV  
  16  0:53  Refinery  
  17  1:03  SCV  
  18  1:15  SCV  
  19  1:27  Reaper, Orbital Command  
  19  1:29  Supply Depot  
  20  1:43  Factory  
  20  1:54  SCV  
  21  2:00  Barracks Reactor  
  21  2:06  SCV  
  22  2:18  SCV  
  23  2:23  Command Center  
  23  2:29  Hellion  
  25  2:30  SCV  
  27  2:37  Reaper x2  
  27  2:43  Supply Depot  
  28  2:45  SCV  
  28  2:51  Hellion  
  31  2:58  Starport  
  31  3:04  SCV  
  32  3:08  Marine  
  32  3:09  Marine  
  34  3:13  Factory Tech Lab  
  34  3:18  Refinery  
  34  3:26  Marine x2  
  36  3:33  Cyclone  
  39  3:40  Starport Tech Lab  
  35  3:44  Marine x2  
  35  3:47  Orbital Command  
  35  3:48  SCV  
  36  4:00  SCV  
  36  4:01  Raven  
  39  4:04  Marine x2  
  41  4:11  Siege Tank  
  41  4:12  SCV x2  
  41  4:16  Supply Depot  
  46  4:24  SCV x2, Marine x2  
  50  4:36  SCV x2  
  50  4:38  Supply Depot  
  52  4:42  Marine x2  
  52  4:44  Raven  
  56  4:48  SCV  
  56  4:49  SCV  
  58  4:55  Siege Tank  
  61  5:00  Marine x2, Supply Depot  
  61  5:02  SCV  
  61  5:05  SCV  
  60  5:18  SCV  
  60  5:19  SCV, Command Center  
  62  5:22  Supply Depot  
  62  5:28  Siege Tank  
  65  5:30  SCV  
  65  5:33  SCV  
  67  5:37  Refinery  
  67  5:38  Marine, Stimpack  
  68  5:43  Viking  
  68  5:44  SCV  
  68  5:47  SCV  
  72  5:51  Viking  
  72  5:56  SCV  
  75  5:59  SCV  
  75  6:00  Supply Depot  
  75  6:01  Marine  
  75  6:03  Siege Tank  
  80  6:11  SCV  
  75  6:15  Viking  
  76  6:21  Viking  
  72  6:36  Siege Tank  
  60  6:42  Orbital Command, Marine  
  60  6:45  Viking  
  49  6:48  SCV  
  49  6:51  Viking  
  42  6:59  Marine  
  21  7:09  SCV x2  
Tags
 
Add a new tag
Caveats
  • Supply blocks, unpowered buildings, or Contaminate may cause inaccurate times.
  • Supply counts are checked every 10 seconds.